 Dungeon Crawl Stone Soup version 0.28-a0-1339-ga5422284a4 (webtiles) character file.

Game seed: 7349368094258798140

5 croobank the Sneak (level 1, 0/10 HPs)
             Began as a Felid Delver on Dec 28, 2021.
             Was an Initiate of Ru.
             Slain by a kobold (1 damage)
             ... on level 1 of the Dungeon.
             The game lasted 00:03:13 (343 turns).

croobank the Sneak (Felid Delver)                    Turns: 343, Time: 00:03:13

Health: 0/10       AC:  1    Str:  8    XL:     1   Next: 66%
Magic:  2/2        EV: 17    Int: 11    God:    Ru [......]
Gold:   18         SH:  0    Dex: 17    Spells: 0/0 levels left
                                        Lives:  0   Deaths: 0

rFire   . . .      SeeInvis +     - Unarmed
rCold   . . .      Faith    .   (shield unavailable)
rNeg    . . .      Spirit   .   (armour unavailable)
rPois   .          Reflect  .   (helmet unavailable)
rElec   .          Harm     .   (cloak unavailable)
rCorr   .          Rampage  .   (gloves unavailable)
Will    .....                   (boots unavailable)
Stlth   ++++......              (no amulet)
HPRegen 0.03/turn               (no ring)
MPRegen 0.08/turn               (no ring)

@: quick
A: very small, claws 1, fangs 3, see invisible, speed 1, shaggy fur 1, stealthy
paws, no weapons or thrown items, no armour, multi-lived
a: Renounce Religion


You were on level 1 of the Dungeon.
You worshipped Ru.
Ru was noncommittal.
You visited 2 branches of the dungeon, and saw 6 of its levels.

You collected 18 gold pieces.

Inventory:

Missiles
 h - 26 stones
Wands
 e - a wand of digging (3)
Scrolls
 a - a scroll of fog
 b - a scroll of enchant armour {unknown}
 c - a scroll of fear
 f - a scroll of identify {unknown}
Potions
 d - a potion of haste
 g - 2 potions of degeneration {unknown}


   Skills:
 + Level 3.1 Fighting
 + Level 2.9 Dodging
 + Level 6.7 Stealth
 + Level 2.1 Unarmed Combat


You couldn't memorise any spells.
You didn't know any spells.
Your spell library was empty.

Dungeon Overview and Level Annotations

Branches:
Dungeon (5/15)             Temple (1/1) D:4

Altars:
Cheibriados
Dithmenos
Elyvilon
Hepliaklqana
Nemelex Xobeh
Ru
Trog
Wu Jian
The Shining One


Innate Abilities, Weirdness & Mutations

You have sharp claws.
You have razor-sharp teeth.
You have supernaturally acute eyesight. (SInv)
You cover ground quickly. (Speed+)
You are covered in fur. (AC +1)
Your paws help you pounce on unaware monsters.
You are incapable of wielding weapons or throwing items.
You cannot wear armour.
You gain extra lives every three experience levels.


Message History

There is a stone staircase leading up here.
You climb upwards.
There is a stone staircase leading down here.
Found 26 stones.
Found a whip.
Found a stone staircase leading up.
Found 11 gold pieces.
You see here 26 stones.
h - 26 stones
Found a scale mail.
There is a stone staircase leading up here.
You climb upwards.
There is a stone staircase leading down here.
Found a stone staircase leading up.
There is a stone staircase leading up here.
You climb upwards.
Found a mace.
There is a stone staircase leading down here.
A kobold comes into view. It is wielding a +1 dagger of flaming.
You scratch the quokka but do no damage.
The quokka closely misses you.
You barely miss the quokka. Your bite misses the quokka.
The quokka barely misses you.
You scratch the quokka.
The quokka is heavily wounded.
The quokka bites you.
You scratch the quokka.
The quokka is almost dead.
The quokka completely misses you.
You scratch the quokka.
You kill the quokka!
The kobold shouts!
You closely miss the kobold.
The kobold hits you with a +1 dagger of flaming.
The kobold burns you.
* * * LOW HITPOINT WARNING * * *
You closely miss the kobold. You bite the kobold, but do no damage.
The kobold hits you with a +1 dagger of flaming.
* * * LOW HITPOINT WARNING * * *
The kobold burns you.
You die...

. ###..
#.########....#
...b...........
..)....>..r...#
..#####.#......
#†# #.#.. #@#
.. #K# . #....#
#....# #....#
......#
.......#
........#
.###....#


You could see a kobold.

Vanquished Creatures
  A dart slug (D:4)
  A hobgoblin (D:4)
  A quokka (D:1)
3 creatures vanquished.

Notes
Turn   | Place    | Note
-------+----------+-------------------------------------------
     0 | D:5      | croobank the Felid Delver began the quest for the Orb.
     0 | D:5      | Reached XP level 1. HP: 10/10 MP: 2/2
    11 | D:5      | Found a white marble altar of Elyvilon.
    12 | D:5      | Noticed a water moccasin
    13 | D:5      | Noticed a water moccasin
    16 | D:4      | Noticed an ogre
   118 | D:4      | Found a staircase to the Ecumenical Temple.
   121 | D:4      | Noticed an ogre
   123 | Temple   | Entered the Ecumenical Temple
   180 | Temple   | Became a worshipper of Ru the Awakened
   343 | D:1      | Slain by a kobold

Illustrated notes

Levels and vault maps discovered:
D:1:      minmay_arrival_hallway, layout_basic, minmay_misc_feat_five,
          minmay_split_cup_large
D:2:      layout_loops_ring, dreamdust_ecumenical_altar_grove,
          minmay_misc_feat_nine_boxes, minmay_misc_feat_diagonals
D:3:      layout_rooms, nicolae_vehumet_radiance, zin_scriptorium,
          chequers_mini_garden, cheibrodos_gnoll_hut, uniq_sigmund,
          uniq_crazy_yiuf_cottage
D:4:      layout_basic, minmay_temple_entry_statues_pillars, chequers_arboretum
D:5:      layout_loops_ring, lightli_temple_of_fire,
          mainiacjoe_overflow_catch_the_wave, serial_shops, nicolae_shop_crystal
Temple:   dpeg_chambers_temple

Action                   || total
-------------------------++-------
Melee: Unarmed           ||    11
       Bite              ||     1
  Use: Scroll            ||     1
Dodge: Dodged            ||     5

Table legend: (Time is in decaauts)
 A = Elapsed time spent in this place.
 B = Non-inter-level travel time spent in this place.
 C = Inter-level travel time spent in this place.
 D = Time resting spent in this place.
 E = Time spent auto-exploring this place.
 F = Levels seen in this place.
 G = Mean time per level.
                   A        B        C        D        E       F      G
               +--------+--------+--------+--------+--------+-----+--------+
         Total |    279 |    255 |     24 |      0 |     85 |   6 |   46.5 |
       Dungeon |    208 |    207 |      1 |      0 |     44 |   5 |   41.6 |
        Temple |     71 |     49 |     22 |      0 |     40 |   1 |   71.0 |
               +--------+--------+--------+--------+--------+-----+--------+

Top non-repeatable levels by time:
     D:4: 118 daAuts
  Temple: 71 daAuts
     D:2: 31 daAuts
     D:3: 30 daAuts
     D:1: 14 daAuts
     D:5: 13 daAuts
